 Dungeon Crawl Stone Soup version 0.28.0 (webtiles) character file.

Game seed: 15950571426073807221

190 benadryl the Sneak (level 5, -3/44 HPs)
             Began as a Minotaur Enchanter on Feb 6, 2022.
             Slain by a killer bee (6 damage)
             ... on level 4 of the Dungeon.
             The game lasted 00:04:50 (2712 turns).

benadryl the Sneak (Minotaur Enchanter)             Turns: 2712, Time: 00:04:51

Health: -3/44      AC:  5    Str: 14    XL:     5   Next: 41%
Magic:  6/6        EV: 10    Int: 12    God:
Gold:   91         SH:  0    Dex: 11    Spells: 6/6 levels left

rFire   . . .      SeeInvis .   j - +1 dagger (flame)
rCold   . . .      Faith    .   (no shield)
rNeg    . . .      Spirit   .   h - +0 ring mail
rPois   .          Reflect  .   (helmet restricted)
rElec   .          Harm     .   (no cloak)
rCorr   .          Rampage  .   (no gloves)
Will    .....                   (no boots)
Stlth   ++........              (no amulet)
HPRegen 0.14/turn               c - +4 ring of slaying
MPRegen 0.10/turn               (no ring)

@: no status effects
A: horns 2, retaliatory headbutt
a: no special abilities


You were on level 4 of the Dungeon.
You visited 1 branch of the dungeon, and saw 4 of its levels.

You collected 91 gold pieces.

Inventory:

Hand Weapons
 j - a +1 dagger of flaming (weapon)
Missiles
 a - a throwing net
 g - 4 poisoned darts (quivered)
Armour
 b - a +0 robe
 h - a +0 ring mail (worn)
Jewellery
 c - a +4 ring of slaying (left hand)
Potions
 k - a potion of attraction {unknown}
 l - a potion of resistance {unknown}


   Skills:
 + Level 2.9 Fighting
 + Level 3.0 Short Blades
 - Level 2.1 Dodging
 * Level 4.2 Stealth
 - Level 1.3 Spellcasting
 - Level 2.0 Hexes


You had 6 spell levels left.
You didn't know any spells.
Your spell library contained the following spells:

 Spells                   Type           Power      Damage    Failure   Level
 Ensorcelled Hibernation  Hex/Ice        6%         N/A       52%         2
 Confusing Touch          Hex            5%         N/A       61%         3
 Tukima's Dance           Hex            5%         N/A       61%         3
 Dazzling Flash           Conj/Hex       6%         N/A       75%         3


Dungeon Overview and Level Annotations

Branches:
Dungeon (4/15)
 Temple: D:4-7

Altars:

Shops:
D:1 *

Annotations:
D:3 Sigmund
D:4 Blork the orc


Innate Abilities, Weirdness & Mutations

You have a pair of horns on your head.
You reflexively headbutt those who attack you in melee.


Message History

The endoplasm quivers.
You hit the killer bee. You burn the killer bee.
Your headbutt misses the killer bee.
The killer bee is almost dead.
A killer bee comes into view.
The killer bee misses you.
A centaur skeleton comes into view.
The killer bee stings you. x2
The killer bee stings you but does no damage.
The killer bee stings you.
The killer bee closely misses you. x2; The killer bee stings you!
The killer bee stings you but does no damage.
The killer bee closely misses you. The killer bee misses you.
The killer bee barely misses you. You furiously retaliate!
You headbutt the killer bee! The killer bee closely misses you.
The killer bee stings you.
You are poisoned.
The killer bee poisons you!
The killer bee stings you but does no damage.
The killer bee stings you!
You feel sick. The killer bee stings you.
* * * LOW HITPOINT WARNING * * *
There is a stone staircase leading up here.
You feel better. The killer bee barely misses you. The killer bee stings you!
* * * LOW HITPOINT WARNING * * *
The killer bee stings you.
* * * LOW HITPOINT WARNING * * *
The killer bee misses you.
You can't go down here!
The killer bee stings you but does no damage.
The killer bee stings you.
* * * LOW HITPOINT WARNING * * *
The killer bee barely misses you. x2
Blork the orc mumbles some strange words.
Blork the orc seems to speed up.
The killer bee barely misses you. You furiously retaliate!
You headbutt the killer bee! The killer bee stings you.
You die...

....... #############
....... ...........#
J....|o #.........#
#....J.### #.........#
####...# #.........# #
#......# #.........#
..#....o.###.........#
#............yy......#
..........J.yy@......#
###........#.yy......#
...........###.#######
.###.##....# #.# ...
#....# #.#
...####....# #.#
...#.......# #.#
.....##....# #.# ...#
#....# #.#


You could see Blork the orc (fast), 6 killer bees and an endoplasm.

Vanquished Creatures
  A necrophage (D:4)
  A hound (D:4)
  A hound skeleton (D:4)
  An adder (D:3)
  An adder skeleton (D:4)
  2 dart slugs
  3 orcs (D:3)
  3 endoplasms
  3 giant cockroaches
  3 goblins (D:2)
  3 hobgoblins
  4 jackals (D:1)
  4 kobolds
  A quokka (D:2)
  4 ball pythons
  3 bats
  4 frilled lizards
  6 rats
48 creatures vanquished.

Notes
Turn   | Place    | Note
-------+----------+-------------------------------------------
     0 | D:1      | benadryl the Minotaur Enchanter began the quest for the
                  | Orb.
     0 | D:1      | Reached XP level 1. HP: 14/14 MP: 1/1
   109 | D:1      | Found Citasina's Assorted Antiques.
   245 | D:1      | Reached XP level 2. HP: 11/22 MP: 3/3
   704 | D:1      | Reached skill level 1 in Fighting
  1163 | D:2      | Reached skill level 3 in Stealth
  1784 | D:2      | Reached XP level 3. HP: 28/28 MP: 4/4
  2053 | D:2      | Noticed an eye of devastation
  2054 | D:2      | Found a faded altar of an unknown god.
  2055 | D:2      | Noticed an eye of devastation
  2055 | D:2      | Noticed a floating eye
  2055 | D:2      | Noticed a great orb of eyes
  2232 | D:3      | Noticed Sigmund
  2294 | D:4      | Noticed a necrophage
  2300 | D:4      | Reached XP level 4. HP: 26/36 MP: 5/5
  2310 | D:4      | Killed a necrophage
  2311 | D:4      | Reached skill level 4 in Stealth
  2311 | D:4      | Reached XP level 5. HP: 19/42 MP: 6/6
  2700 | D:4      | Noticed Blork the orc
  2712 | D:4      | Slain by a killer bee

Illustrated notes

Levels and vault maps discovered:
D:1:      scummos_arrival_simple_fountains, layout_loops_ring, serial_shops,
          nicolae_lakefront_shop
D:2:      layout_rooms, hellmonk_ecumenical_altar_watching_god,
          minmay_misc_feat_pillars, uniq_crazy_yiuf_cottage
D:3:      layout_basic, lemuel_zombie_altar_yredelemnul, uniq_sigmund
D:4:      layout_rooms, uniq_blork_the_orc

Skill      XL: |  1  2  3  4  5 |
---------------+----------------+-----
Fighting       | 1 2 |  2.9
Stealth        | 3 4 |  4.2
Short Blades   | 2 3 |  3.0
Dodging        | |  2.1
Spellcasting   | |  1.3
Hexes          | |  2.0

Action                   |  1- 3 |  4- 6 || total
-------------------------+-------+-------++-------
Melee: Dagger            |   118 |    18 ||   136
       Headbutt          |    14 |     2 ||    16
       Punch             |     1 |       ||     1
Throw: Dart              |     2 |       ||     2
  Use: Scroll            |     2 |     1 ||     3
       Potion            |       |     2 ||     2
 Stab: Sleeping          |     3 |       ||     3
Armor: Robe              |     5 |       ||     5
       Ring mail         |    24 |     9 ||    33
Dodge: Dodged            |    63 |    18 ||    81
